 Dungeon Crawl Stone Soup version 0.30-a0-739-gea05faddec (webtiles) character file.

Game seed: 2954382262448702851

96 PriceMaster the Chiller (level 4, 0/33 HPs)
             Began as a Demigod Ice Elementalist on Feb 4, 2023.
             Slain by a gnoll
             ... wielding a +0 flail
              (7 damage)
             ... on level 2 of the Dungeon.
             The game lasted 00:05:34 (2216 turns).

PriceMaster the Chiller (Demigod Ice Elementalist)  Turns: 2216, Time: 00:05:35

Health: 0/33       AC:  2    Str:  9    XL:     4   Next: 18%
Magic:  10/10      EV: 12    Int: 21    God:
Gold:   90         SH:  0    Dex: 14    Spells: 3/8 levels left

rFire   . . .      SeeInvis .    p - +2 mace (venom)
rCold   . . .      Faith    .    (no shield)
rNeg    . . .      Spirit   .    a - +0 robe
rPois   .          Reflect  .    (no helmet)
rElec   .          Harm     .    (no cloak)
rCorr   .          Rampage  .    (no gloves)
Will    .....                    (no boots)
Stlth   +                        (no amulet)
HPRegen 0.25/turn                (no ring)
MPRegen 0.12/turn                (no ring)

@: confused, ambrosia-drunk
A: high MP 1, forlorn, divine attributes
a: no special abilities


You were on level 2 of the Dungeon.
You visited 1 branch of the dungeon, and saw 2 of its levels.

You collected 90 gold pieces.

Inventory:

Hand Weapons
 g - a +0 dagger
 o - a +0 trident
 p - a +2 mace of venom (weapon)
Armour
 a - a +0 robe (worn)
 f - a +0 leather armour
Scrolls
 c - 3 scrolls of noise {unknown}
 d - 2 scrolls of identify {unknown}
 h - a scroll of butterflies {unknown}
 i - a scroll of poison {unknown}
 j - 2 scrolls of amnesia {unknown}
 l - a scroll of fear {unknown}
 n - 2 scrolls of enchant weapon {unknown}
 s - a scroll of vulnerability {unknown}
 u - a scroll of teleportation {unknown}
Potions
 k - a potion of lignification {unknown}
 m - a potion of degeneration {unknown}
 q - a potion of cancellation {unknown}
 r - 2 potions of curing {unknown}
 t - 2 potions of attraction {unknown}


   Skills:
 + Level 0.2 Fighting
 + Level 0.3 Short Blades
 + Level 0.1 Maces & Flails
 + Level 1.9 Dodging
 + Level 2.1 Stealth
 + Level 0.4 Unarmed Combat
 + Level 2.5 Spellcasting
 + Level 0.2 Hexes
 + Level 4.4 Ice Magic


You had 3 spell levels left.
You knew the following spells:

 Your Spells              Type           Power      Damage    Failure   Level
a - Freeze                Ice            84%        1d9       2%          1
b - Frozen Ramparts       Ice            42%        1d7       7%          3
c - Slow                  Hex            12%        N/A       13%         1

Your spell library contained the following spells:

 Spells                   Type           Power      Damage    Failure   Level
 Ozocubu's Armour         Ice            21%        N/A       7%          3
 Confusing Touch          Hex            3%         N/A       36%         3
 Kindle Blastsparks       Fire/Tloc/Air  4%         2d10      38%         3
 Vampiric Draining        Necr           2%         2d6       38%         3
 Summon Ice Beast         Ice/Summ       12%        N/A       50%         4
 Fulminant Prism          Conj/Hex       1%         3d5       78%         4
 Iskenderun's Mystic Bla  Conj/Tloc      2%         2d3       80%         4
 Lee's Rapid Deconstruct  Erth           1%         3d4*      98%         5


Dungeon Overview and Level Annotations

Branches:
Dungeon (2/15)


Innate Abilities, Weirdness & Mutations

You have an increased reservoir of magic. (+10% MP)
You shall have no god before yourself.
Your divine heritage dramatically boosts your attributes as you level up.


Message History

The spell is quite dangerous to miscast (7% risk of failure)!
Continue anyway?
Casting: Frozen Ramparts (quite dangerous; 7% risk of failure)
Press: ? - help, Dir - look around, f - activate You miscast Frozen Ramparts.
You are very lightly contaminated with residual magic.
Nothing appears to happen.
The gnoll misses you.
Casting: Frozen Ramparts (quite dangerous; 7% risk of failure)
Confirm with . or Enter, or press ? or * to list all spells.
You don't have enough magic to cast this spell.
You are out of magic!
You hit the gnoll but do no damage.
The gnoll is poisoned.
The gnoll hits you with a +0 spear!
* * * LOW HITPOINT WARNING * * *
A gnoll comes into view. It is wielding a +0 flail.
Magic courses through your body.
You are too injured to fight recklessly!
It was a potion of ambrosia.
You are confused.
You feel invigorated. The gnoll misses you.
You miss the gnoll. The gnoll misses you. The gnoll hits you with a +0 flail.
You're too confused to move!
You feel less invigorated.
You feel less confused.
The gnoll hits you from afar with a +0 spear!
The gnoll hits you with a +0 flail!
* * * LOW HITPOINT WARNING * * *
The gnoll barely misses you.
Your magical contamination has completely faded away.
There is an open door, spattered with blood here.
You see here a +0 club.
You thump the gnoll!
You kill the gnoll!
The gnoll hits you but does no damage.
Okay, then.
Okay, then.
Okay, then.
Okay, then.
You are confused.
You feel invigorated. The gnoll hits you with a +0 flail!
You die...

....##....#####'#################
...#.#...## #.......# .......
.##.#...## #.......# #######
#.##....# #...<...##+## #....
.#.#....# ###+##......## #.###
#.#.....# #. #.......# ##.##.
##......# #.##.......# ....>
........# #.)g......## .#..
........# #.@#.......# #..
##......# #..#.......######.#
#.#.....# #..#.#####.#..>.#..
.#.#....# #..#.#####......#.#
#.##....##########.........#..###
.##.#........)...................
...#.#.......).......######..####
....##...........<.#.# #......
......#............#.# #.#####


You could see a gnoll.

Vanquished Creatures
  3 gnolls (D:2)
  An adder (D:2)
  2 worms (D:2)
  A ball python (D:1)
  9 bats
  4 endoplasms
  4 giant cockroaches
  4 goblins
  5 hobgoblins
  3 jackals (D:2)
  4 kobolds
  A quokka (D:1)
  3 frilled lizards
  8 rats
52 creatures vanquished.

Notes
Turn   | Place    | Note
-------+----------+-------------------------------------------
     0 | D:1      | PriceMaster the Demigod Ice Elementalist began the quest
                  | for the Orb.
     0 | D:1      | Reached XP level 1. HP: 14/14 MP: 5/5
   290 | D:1      | Reached skill level 4 in Ice Magic
   296 | D:1      | Reached XP level 2. HP: 15/20 MP: 0/7
  1226 | D:2      | Reached XP level 3. HP: 17/26 MP: 4/8
  1405 | D:2      | Learned a level 3 spell: Frozen Ramparts
  1407 | D:2      | Learned a level 1 spell: Slow
  2200 | D:2      | Reached XP level 4. HP: 15/33 MP: 2/10
  2213 | D:2      | HP: 1/33 [gnoll/+0 flail (11)]
  2216 | D:2      | Slain by a gnoll

Illustrated notes

Levels and vault maps discovered:
D:1:      dpeg_arrival_circle_labyrinth_c, layout_rooms,
          ebering_dispersal_statue_hall, minmay_strange_pillars
D:2:      layout_basic, minmay_misc_feat_secret_circle

Skill      XL: |  1  2 |
---------------+-------+-----
Ice Magic      | 4 |  4.4
Stealth        | 2 |  2.1
Spellcasting   | 2 |  2.5
Fighting       | |  0.2
Short Blades   | |  0.3
Maces & Flails | |  0.1
Dodging        | |  1.9
Unarmed Combat | |  0.4
Hexes          | |  0.2

Action                     |  1- 3 |  4- 6 || total
---------------------------+-------+-------++-------
  Melee: Unarmed           |    18 |       ||    18
         Dagger            |    11 |       ||    11
         Mace              |    11 |     3 ||    14
         Trident           |     1 |       ||     1
   Cast: Freeze            |    59 |       ||    59
         Slow              |     8 |       ||     8
         Frozen Ramparts   |     4 |       ||     4
    Use: Potion            |       |     3 ||     3
   Stab: Sleeping          |     1 |       ||     1
 Armour: Robe              |    19 |     1 ||    20
  Dodge: Dodged            |    68 |     4 ||    72

Table legend: (Time is in decaauts)
 A = Elapsed time spent in this place.
 B = Non-inter-level travel time spent in this place.
 C = Inter-level travel time spent in this place.
 D = Time resting spent in this place.
 E = Time spent auto-exploring this place.
 F = Levels seen in this place.
 G = Mean time per level.
                   A        B        C        D        E       F      G
               +--------+--------+--------+--------+--------+-----+--------+
         Total |   2220 |   2163 |     57 |    222 |   1602 |   2 | 1110.0 |
       Dungeon |   2220 |   2163 |     57 |    222 |   1602 |   2 | 1110.0 |
               +--------+--------+--------+--------+--------+-----+--------+

Top non-repeatable levels by time:
     D:1: 1163 daAuts
     D:2: 1056 daAuts
